 Dungeon Crawl Stone Soup version 0.30.1-11-g7821555f0a (webtiles) character file.

Game seed: 14793776878379521339

16252 caec the Transmogrifier (level 12, -1/100 HPs)
             Began as a Green Draconian Transmuter on Jan 5, 2024.
             Was an Elder of Hepliaklqana.
             Slain by a steam dragon (2 damage)
             ... while petrified by a basilisk
             ... on level 1 of the Lair of Beasts on Jan 7, 2024.
             The game lasted 01:14:43 (14760 turns).

caec the Transmogrifier (DrTm)                     Turns: 14760, Time: 01:14:44

Health: -1/100     AC:  8    Str: 12    XL:     12   Next: 8%
Magic:  31/32      EV:  1    Int: 16    God:    Hepliaklqana [****..]
Gold:   324        SH:  0    Dex: 15    Spells: 4/25 levels left

rFire   x .          .
                       - Unarmed
rCold   + + +        (shield currently unavailable)
rNeg    + + +        (body armour unavailable)
rPois   ∞            n - melded +2 hat
rElec   .            (cloak currently unavailable)
rCorr   .            r - melded +0 pair of gloves
SInv    .            j - melded +2 pair of boots
Will    .....        s - amulet of reflection
Stlth   +            l - ring of poison resistance
HPRegen 0.36/turn    g - ring of magical power
MPRegen 0.23/turn

%: reflection
@: ice-form, petrified, wereblooded
A: freezing attack, amphibious, boosted hp, reduced essence, (breathe noxious
fumes), AC +8, large, unfitting armour, (poison resistance), (cold-blooded),
(horns 1)
a: End Transformation, Renounce Religion, Recall Ancestor, Ancestor Identity,
Transference, Idealise


You were on level 1 of the Lair of Beasts.
You worshipped Hepliaklqana.
Hepliaklqana was greatly pleased with you.
You were a creature of crystalline ice.
You visited 3 branches of the dungeon, and saw 13 of its levels.
You also visited: Trove and Bailey.

You collected 1737 gold pieces.
You spent 1413 gold pieces at shops.

Inventory:

Missiles
 d - 30 poisoned darts (quivered)
 w - 2 throwing nets
 F - 4 atropa-tipped darts
 G - a curare-tipped dart
Armour
 j - a +2 pair of boots (melded)
 n - a +2 hat (melded)
 r - a +0 pair of gloves (melded)
Jewellery
 g - a ring of magical power (right front paw)
 l - a ring of poison resistance (left front paw)
 s - an amulet of reflection (around neck)
Wands
 o - a wand of mindburst (7)
 v - a wand of roots (4)
 x - a wand of acid (9)
 E - a wand of flame (25)
Scrolls
 c - 6 scrolls of fog
 h - 3 scrolls of vulnerability {unknown}
 i - 2 scrolls of fear
 k - 7 scrolls of enchant armour
 m - a scroll of brand weapon
 p - 2 scrolls of teleportation
 y - a scroll of immolation {unknown}
 B - 2 scrolls of summoning
 C - a scroll of blinking
 D - a scroll of magic mapping {unknown}
Potions
 a - 9 potions of lignification
 b - 3 potions of heal wounds
 e - 3 potions of curing
 f - a potion of attraction {unknown}
 q - 3 potions of might
 t - a potion of berserk rage {unknown}
 u - a potion of magic
 z - a potion of brilliance {unknown}
 A - 3 potions of flight
 H - a potion of ambrosia {unknown}


   Skills:
 + Level 5.1 Fighting
 + Level 5.6 Dodging
 - Level 0.2 Stealth
 - Level 0.8 Shields
 + Level 10.3 Unarmed Combat
 + Level 7.4 Spellcasting
 - Level 0.2 Conjurations
 * Level 10.8 Transmutations
 - Level 0.5 Fire Magic
 - Level 5.0 Ice Magic
 - Level 0.1 Air Magic
 - Level 6.0 Poison Magic
 + Level 3.9 Evocations


You had 4 spell levels left.
You knew the following spells:

 Your Spells              Type           Power      Damage    Failure   Level
a - Beastly Appendage     Tmut           80%        N/A       1%          1
b - Wereblood             Tmut           40%        N/A       1%          2
c - Spider Form           Tmut/Pois      33%        N/A       1%          3
d - Ice Form              Ice/Tmut       31%        N/A       4%          4
e - Ignite Poison         Fire/Tmut/Pois 24%        N/A       3%          3
f - Mephitic Cloud        Conj/Pois/Air  12%        N/A       16%         3
g - Alistair's Intoxicat  Tmut/Pois      22%        N/A       11%         5

Your spell library contained the following spells:

 Spells                   Type           Power      Damage    Failure   Level
 Freeze                   Ice            84%        1d9       1%          1
 Sting                    Tmut/Pois      100%       1d8       1%          1
 Frozen Ramparts          Ice            42%        1d7       4%          3
 Ensorcelled Hibernation  Hex/Ice        26%        N/A       6%          2
 Kiss of Death            Conj/Necr      24%        2d7       12%         1
 Hailstorm                Conj/Ice       14%        3d5       12%         3
 Swiftness                Air            6%         N/A       32%         3
 Confusing Touch          Hex            5%         N/A       34%         3
 Vhi's Electric Charge    Tloc/Air       12%        N/A       34%         3
 Summon Ice Beast         Ice/Summ       13%        N/A       38%         4
 Flame Wave               Conj/Fire      7%         2d5       71%         4
 Sticky Flame             Conj/Fire      7%         2d3       71%         4
 Anguish                  Hex/Necr       2%         N/A       75%         4
 Dispel Undead            Necr           5%         3d7       75%         4
 Leda's Liquefaction      Hex/Erth       2%         N/A       75%         4
 Freezing Cloud           Conj/Ice/Air   5%         6-21      85%         5
 Arcjolt                  Conj/Air       3%         1d13      97%         5
 Starburst                Conj/Fire      3%         6d3       100%        6
 Ignition                 Fire           3%         3d4       100%        8
 Maxwell's Capacitive Co  Air            3%         ∞         100%        8
 Fire Storm               Conj/Fire      3%         8d1       100%        9


Dungeon Overview and Level Annotations

Branches:
Dungeon (11/15)            Temple (1/1) D:5            Lair (1/5) D:11
    Orc (0/2) D:9          Bailey (visited)

Altars:
Cheibriados
Dithmenos
Elyvilon
Hepliaklqana
Makhleb
Okawaru
Ru
Uskayaw
Xom
Yredelemnul

Shops:
D:4 (   D:5 *

Annotations:
D:7 2 transporters
D:11 3 runed translucent doors, Vuj Adom's ghost, journeyman DgEE; mkat's ghost, journeyman HOTm


Innate Abilities, Weirdness & Mutations

You are a creature of crystalline ice.
You have a powerful freezing melee attack.
You are amphibious.
Your maximum health is increased.
Your armour is entirely melded.
You are incapable of wielding weapons or throwing items.
Your life essence is reduced to manifest your ancestor. (-10% HP)
((You can breathe blasts of noxious fumes.))
((Your lurid green scales are hard. (AC +8)))
You cannot fit into any form of body armour.
((Your system is resistant to poisons. (rPois)))
((You are cold-blooded and may be slowed by cold attacks.))
((You have a pair of small horns on your head.))


Message History

The yak gores you but does no damage. The steam dragon completely misses you.
The steam dragon claws you but does no damage.
Aylmer closely misses the steam dragon.
The yak gores you. The steam dragon breathes steam at you.
The ball of steam hits you!! The steam scalds you terribly!
You are engulfed in a cloud of scalding steam.
Aylmer barely misses the steam dragon.
The yak gores you! The steam dragon bites you.
The steam dragon claws you but does no damage.
You are engulfed in a cloud of scalding steam.
The yak gores you. The steam dragon breathes steam at you.
The ball of steam hits you!! The steam scalds you terribly!
* * * LOW HITPOINT WARNING * * *
Aylmer closely misses the steam dragon.
You are engulfed in a cloud of scalding steam.
* * * LOW HITPOINT WARNING * * *
The yak gores you.
* * * LOW HITPOINT WARNING * * *
The steam dragon bites you but does no damage.
The steam dragon claws you but does no damage.
You are engulfed in a cloud of scalding steam.
* * * LOW HITPOINT WARNING * * *
Aylmer hits the steam dragon with a +0 flail.
The yak gores you.
* * * LOW HITPOINT WARNING * * *
The steam dragon bites you but does no damage.
The steam dragon claws you but does no damage.
You are engulfed in a cloud of scalding steam.
The yak gores you!
* * * LOW HITPOINT WARNING * * *
The steam dragon bites you.
* * * LOW HITPOINT WARNING * * *
The steam dragon claws you but does no damage.
Aylmer barely misses the steam dragon.
The yak gores you!
* * * LOW HITPOINT WARNING * * *
The steam dragon bites you.
You die...

#####.##.## ..# #..#####
...# ##+.###.## ....#
##[.......##### .((..##
#....##.....##. ...⌠...
#####....#.#.# #
.......##.⌠.##...#.#.P##
......Y#.....#...#.#.###
.⌠.>.RDY§.>.⌠#...#†#.###
......†......#.....#....
.......##.⌠...##+#.#####
...⌠... #..##......# #
.....## ######.+.###
....# #....## ...#
##.### ..# #.# .. ##+###
#.#


You could see the friendly Aylmer the knight, a yak and a steam dragon (ally
target).

Vanquished Creatures
  An orc warlord (Bailey)
  Harold (Lair:1)
  A catoblepas (Lair:1)
  A two-headed ogre (D:11)
  Pikel (D:7)
  A deep elf zephyrmancer (D:11)
  A deep elf pyromancer (D:11)
  A cyclops (D:11)
  Joseph (D:7)
  A cane toad (D:11)
  A gargoyle (D:11)
  An ice statue (D:9)
  A yaktaur (shapeshifter) (D:11)
  4 komodo dragons
  2 hornets
  A wyvern (D:10)
  3 steam dragons
  10 yaks
  An acid dragon (D:9)
  3 water moccasins
  6 orc warriors
  An ice beast (D:6)
  2 sky beasts (D:7)
  A black bear (Lair:1)
  3 centaurs
  3 phantoms
  4 bullfrogs
  A gnoll sergeant (D:7)
  5 scorpions
  9 killer bees
  5 howler monkeys
  3 hounds
  2 jellies
  4 orc priests
  A gnoll bouda (D:7)
  An iron imp (D:4)
  Jessica (D:3)
  3 iguanas
  A knight (Bailey)
  4 sleepcaps
  11 orc wizards
  6 ogre zombies (D:9)
  9 gnolls
  An ancestor (D:7)
  9 adders
  A shadow imp (D:6)
  An ufetubus (D:6)
  A worm (D:3)
  A dart slug (D:5)
  23 orcs
  5 endoplasms
  A giant cockroach (D:1)
  13 goblins
  6 hobgoblins
  3 jackals (D:5)
  2 quokkas (D:1)
  9 ball pythons
  6 bats
  5 frilled lizards
  2 goblin zombies (D:9)
  A hobgoblin zombie (D:9)
  24 kobolds
  An orc skeleton (D:9)
  12 orc zombies (D:9)
  5 rats
255 creatures vanquished.

Vanquished Creatures (collateral kills)
  A wizard (D:11)
  A black mamba (Lair:1)
  2 komodo dragons
  Prince Ribbit (D:7)
  A shadow (D:9)
  A wyvern (D:9)
  3 yaks (Lair:1)
  A sky beast (D:7)
  A lemure (D:7)
  3 kobold brigands
  2 bullfrogs (Lair:1)
  4 killer bees
  A howler monkey (D:9)
  2 orc wizards
  A gnoll (D:7)
  A shadow imp (D:7)
  4 orcs
  2 hobgoblins (Bailey)
  12 kobolds
  An orc skeleton (D:9)
  2 orc zombies (D:9)
47 creatures vanquished.

Vanquished Creatures (others)
  A basilisk (Lair:1)
  2 knights
  2 orc wizards
  3 ancestors
8 creatures vanquished.

Grand Total: 310 creatures vanquished

Notes
Turn   | Place    | Note
-------+----------+-------------------------------------------
     0 | D:1      | caec the Draconian Transmuter began the quest for the Orb.
     0 | D:1      | Reached XP level 1. HP: 16/16 MP: 3/3
   220 | D:1      | Reached XP level 2. HP: 23/23 MP: 3/5
   230 | D:1      | Learned a level 2 spell: Wereblood
   801 | D:1      | Identified a scroll of acquirement
   801 | D:1      | Acquired 671 gold pieces
   876 | D:2      | Reached XP level 3. HP: 25/28 MP: 2/6
   920 | D:2      | Found a faded altar of an unknown god.
  1573 | D:3      | Noticed Jessica
  1581 | D:3      | Killed Jessica
  1582 | D:3      | Reached XP level 4. HP: 35/35 MP: 5/8
  2109 | D:3      | Reached XP level 5. HP: 20/40 MP: 6/10
  2116 | D:3      | Learned a level 3 spell: Spider Form
  2229 | D:3      | Gained mutation: You are agile. (Dex +4, Str/Int -1)
                  | [potion of mutation]
  2229 | D:3      | Gained mutation: You are robust. (+10% HP) [potion of
                  | mutation]
  2229 | D:3      | Gained mutation: You are dopey. (Int -2) [potion of
                  | mutation]
  2811 | D:4      | Found Otiog's Antique Weapon Shoppe.
  3021 | D:4      | Lost mutation: You are robust. (+10% HP) [potion of
                  | mutation]
  3021 | D:4      | Lost mutation: You are dopey. (Int -2) [potion of mutation]
  3021 | D:4      | Lost mutation: You are agile. (Dex +4, Str/Int -1) [potion
                  | of mutation]
  3021 | D:4      | Gained mutation: You have a pair of small horns on your
                  | head. [potion of mutation]
  3216 | D:4      | Found a snail-covered altar of Cheibriados.
  3238 | D:4      | Reached XP level 6. HP: 33/47 MP: 8/11
  3654 | D:4      | Found a sacrificial altar of Ru.
  3654 | D:4      | Found a shimmering altar of Xom.
  3719 | D:5      | Entered Level 5 of the Dungeon
  3889 | D:5      | Found Wuoxtig's General Store.
  3898 | D:5      | Bought a scroll of noise for 12 gold pieces
  3898 | D:5      | Bought a potion of haste for 120 gold pieces
  4068 | D:5      | Reached skill level 5 in Transmutations
  4068 | D:5      | Your scales start taking on a lurid green colour.
  4068 | D:5      | Reached XP level 7. HP: 53/53 MP: 8/13
  4068 | D:5      | Gained mutation: Your system is resistant to poisons.
                  | (rPois) [Green Draconian growth]
  4208 | D:5      | Found a staircase to the Ecumenical Temple.
  4220 | Temple   | Entered the Ecumenical Temple
  4287 | Temple   | Became a worshipper of Hepliaklqana the Forgotten
  4398 | D:5      | Reached skill level 5 in Unarmed Combat
  4525 | D:5      | Reached skill level 1 in Poison Magic
  4978 | D:6      | Reached XP level 8. HP: 26/61 MP: 9/14
  5899 | D:7      | Reached * piety under Hepliaklqana
  5929 | D:7      | Found a transporter.
  5934 | D:7      | Noticed a kobold demonologist
  5935 | D:7      | Noticed a kobold demonologist
  5945 | D:7      | Found a transporter.
  6078 | D:7      | Noticed Prince Ribbit
  6087 | D:7      | Killed Prince Ribbit
  6218 | D:7      | Reached skill level 5 in Spellcasting
  6392 | D:7      | Noticed Joseph
  6414 | D:7      | Killed Joseph
  6415 | D:7      | Reached XP level 9. HP: 49/61 MP: 12/16
  6689 | D:7      | Noticed Pikel
  6716 | D:7      | Killed Pikel
  7032 | D:7      | Reached skill level 1 in Evocations
  7452 | D:7      | Reached ** piety under Hepliaklqana
  7460 | D:7      | Learned a level 4 spell: Ice Form
  7591 | D:8      | Reached skill level 1 in Ice Magic
  7692 | D:8      | Reached XP level 10. HP: 62/67 MP: 13/18
  7801 | D:8      | Found a flagged portal.
  7820 | Bailey   | Entered a bailey
  7867 | Bailey   | Remembered your ancestor Aylmer as a knight
  7935 | Bailey   | Noticed an orc warlord
  7949 | Bailey   | Learned a level 3 spell: Ignite Poison
  8023 | Bailey   | Found a runed translucent gate.
  8026 | Bailey   | Found a runed translucent gate.
  8027 | Bailey   | Found a runed translucent gate.
  8377 | Bailey   | Killed an orc warlord
  8378 | Bailey   | Reached skill level 5 in Poison Magic
  8445 | Bailey   | Acquired the Reference Book on the Luminous Cure
  8520 | D:8      | Learned a level 3 spell: Mephitic Cloud
  8526 | D:8      | Learned a level 5 spell: Alistair's Intoxication
  9061 | D:8      | Found a basalt altar of Yredelemnul.
  9099 | D:8      | Found a burning altar of Makhleb.
  9342 | D:9      | Identified the +4 sling of Kucsif {heavy, rF++}
  9363 | D:9      | Reached *** piety under Hepliaklqana
  9374 | D:9      | Noticed an ice statue
  9486 | D:9      | Killed an ice statue
  9536 | D:9      | Found a staircase to the Orcish Mines.
 10678 | D:10     | Entered Level 10 of the Dungeon
 10678 | D:10     | Found a portal to a secret trove of treasure.
 10744 | D:10     | Reached XP level 11. HP: 73/73 MP: 20/20
 10757 | D:10     | Reached **** piety under Hepliaklqana
 11794 | D:4      | Bought the +7 great mace "Firestarter" {flame, immolate,
                  | rFlCloud rF++} for 1281 gold pieces
 11794 | D:4      | Found the +7 great mace "Firestarter" {flame, immolate,
                  | rFlCloud rF++}
 11993 | D:10     | You paid a toll of the great mace "Firestarter" to enter a
                  | treasure trove
 11994 | Trove    | Entered a treasure trove
 11996 | Trove    | Found the +5 scythe "Finisher" {speed, execute}
 11997 | Trove    | Found the +7 captain's cutlass {speed, disarm}
 12008 | Trove    | Identified the +9 quarterstaff of Peace {heavy, Drain rPois
                  | Str+7 Stlth+}
 12160 | D:11     | Noticed a wizard
 12165 | D:11     | Noticed a deep elf zephyrmancer
 12173 | D:11     | Killed a wizard
 12177 | D:11     | Noticed a deep elf pyromancer
 12328 | D:11     | Noticed a deep elf zephyrmancer
 12330 | D:11     | Noticed a two-headed ogre
 12338 | D:11     | Killed a deep elf zephyrmancer
 12346 | D:11     | Killed a two-headed ogre
 12484 | D:11     | Got the Volume of Combed Thunderclap
 12507 | D:11     | Killed a deep elf pyromancer
 12508 | D:11     | Reached skill level 10 in Transmutations
 12580 | D:11     | Got the Precepts of Axaxaxas mlö
 12593 | D:11     | Got the Anthology of Dhcmrlchtdj
 12629 | D:11     | Found a staircase to the Lair.
 12834 | D:11     | Reached skill level 5 in Dodging
 12834 | D:11     | Reached skill level 5 in Ice Magic
 13083 | D:11     | Found a runed translucent gate.
 13083 | D:11     | Found a runed translucent gate.
 13083 | D:11     | Found a runed translucent gate.
 13084 | D:11     | Noticed mkat's ghost (journeyman HOTm)
 13482 | D:11     | Noticed Vuj Adom's ghost (journeyman DgEE)
 13612 | Lair:1   | Entered Level 1 of the Lair of Beasts
 13612 | Lair:1   | Noticed Harold
 13903 | D:11     | Reached skill level 10 in Unarmed Combat
 14188 | Lair:1   | Killed Harold
 14638 | Lair:1   | Noticed a catoblepas
 14667 | Lair:1   | Killed a catoblepas
 14668 | Lair:1   | Reached skill level 5 in Fighting
 14668 | Lair:1   | Reached XP level 12. HP: 84/84 MP: 23/23
 14760 | Lair:1   | HP: 1/100 [yak (7)]
 14760 | Lair:1   | Slain by a steam dragon

Illustrated notes

Levels and vault maps discovered:
D:1:      scummos_arrival_checkerplants, layout_basic
D:2:      layout_rooms, basic_ecumenical_altar, kennysheep_nondescript,
          hex_intersection, minmay_misc_feat_rows
D:3:      layout_basic, hangedman_decor_growths, minmay_pentomino_pile,
          uniq_jessica
D:4:      layout_rooms, gammafunk_temple_overflow_pools, slow_altar_1,
          serial_curves, eino_curves_01, eino_curves_04, eino_curves_01,
          eino_curves_02, serial_shops, shop
D:5:      wad_crossroads, layout_rooms, minmay_temple_entry_proselytizer,
          serial_shops, nicolae_shop_pleasant_corner_grove
D:6:      layout_basic
D:7:      gammafunk_wand_slinger, layout_basic, kennysheep_decorative_pillar,
          minmay_joined_circles, uniq_prince_ribbit1, uniq_joseph, uniq_pikel
D:8:      layout_loops_corners, mainiacjoe_overflow_two_lobes, enter_bailey_7,
          minmay_microvault
D:9:      layout_stronghold, zombieorc1_lemuel, minivault_15,
          kennysheep_generic_room_6
D:10:     layout_cave_pods, enter_trove_2
D:11:     layout_cave_pods, david_lair_shrubbed, gammafunk_ghost_cemetery,
          bh_hangedman_babel_library
Temple:   bh_familiar_temple
Lair:1:   layout_roguey, grunt_megastairs_3, uniq_harold

Skill      XL: |  1  2  3  4  5  6  7  8  9 10 11 |
---------------+----------------------------------+-----
Dodging        | 2 3 4 5 |  5.6
Spellcasting   | 3 4 5 6 7 |  7.4
Transmutations | 3 4 5 6 8 9 10 | 10.8
Unarmed Combat | 4 5 7 8 9 10 | 10.3
Poison Magic   | 1 3 4 5 6 |  6.0
Fighting       | 2 3 5 |  5.1
Evocations     | 1 3 |  3.9
Ice Magic      | 1 4 5 |  5.0
Stealth        | |  0.2
Shields        | |  0.8
Conjurations   | |  0.2
Fire Magic     | |  0.5
Air Magic      | |  0.1

Action                     |  1- 3 |  4- 6 |  7- 9 | 10-12 || total
---------------------------+-------+-------+-------+-------++-------
  Melee: Unarmed           |    96 |   132 |   229 |   214 ||   671
         Kick              |    14 |    23 |       |       ||    37
         Headbutt          |    12 |    11 |    12 |    16 ||    51
         Tailslap          |     9 |    13 |     7 |    11 ||    40
         Punch             |     2 |     2 |     7 |     2 ||    13
  Throw: Dart              |     3 |    14 |    27 |    91 ||   135
   Cast: Beastly Appendage |    27 |    23 |       |       ||    50
         Wereblood         |     6 |    11 |    12 |     9 ||    38
         Spider Form       |       |     6 |    31 |     7 ||    44
         Ignite Poison     |       |       |       |    26 ||    26
         Ice Form          |       |       |       |    17 ||    17
         Mephitic Cloud    |       |       |       |     5 ||     5
         Alistair's Intoxi |       |       |       |     7 ||     7
 Invoke: Ancestor Life: Kn |       |       |       |     1 ||     1
         Recall Ancestor   |       |       |       |     1 ||     1
Ability: Breathe Noxious F |       |       |    13 |    22 ||    35
         End Transformatio |       |       |     1 |     2 ||     3
  Evoke: Wand              |       |       |     6 |     3 ||     9
    Use: Scroll            |     5 |     4 |     3 |     7 ||    19
         Potion            |       |     2 |     1 |     4 ||     7
   Stab: Confused          |       |       |     1 |     2 ||     3
         Distracted        |       |       |       |     1 ||     1
 Armour: Skin              |    27 |    18 |    34 |    54 ||   133
  Dodge: Dodged            |    72 |    66 |   154 |    86 ||   378
  Block: Other             |       |     4 |    35 |    27 ||    66
         Reflection        |       |       |       |     5 ||     5
